 Dungeon Crawl Stone Soup version 0.30-a0-576-g89cddaab80 (webtiles) character file.

Game seed: 7415345891564243816

2825 cforsyth the Grappler (level 9, -4/83 HPs)
             Began as a Ghoul Monk on Dec 31, 2022.
             Was a Believer of Okawaru.
             Slain by an orc
             ... wielding a +0 halberd
              (6 damage)
             ... in a bailey.
             The game lasted 00:11:15 (7207 turns).

cforsyth the Grappler (Ghoul Monk)                  Turns: 7207, Time: 00:11:15

Health: -4/83      AC: 17    Str: 19    XL:     9   Next: 73%
Magic:  8/8        EV:  6    Int:  5    God:    Okawaru [**....]
Gold:   594        SH:  0    Dex: 11    Spells: 8/8 levels left

rFire   . . .      SeeInvis .      - Unarmed
rCold   + . .      Faith    .    (no shield)
rNeg    + + +      Spirit   .    m - +0 plate armour
rPois   ∞          Reflect  .    A - +1 helmet
rElec   .          Harm     .    (no cloak)
rCorr   .          Rampage  .    (no gloves)
Will    .....                    z - +1 pair of boots Stlth
                                 (no amulet)
HPRegen 0.00/turn                (no ring)
MPRegen 0.11/turn                (no ring)

@: inhibited regen
A: claws 1, cold resistance 1, negative energy resistance 3, inhibited
regeneration, torment resistance 2, devour on kill
a: Renounce Religion, Heroism


You were in a bailey.
You worshipped Okawaru.
Okawaru was pleased with you.
You visited 2 branches of the dungeon, and saw 9 of its levels.
You also visited: Bailey.

You collected 594 gold pieces.

Inventory:

Armour
 m - a +0 plate armour (worn)
 z - a +1 pair of boots (worn)
 A - a +1 helmet (worn)
Wands
 q - a wand of polymorph (2)
 y - a wand of charming (22)
Scrolls
 b - a scroll of torment
 e - a scroll of enchant armour {unknown}
 f - 5 scrolls of enchant weapon {unknown}
 g - a scroll of magic mapping
 k - 3 scrolls of blinking {unknown}
 l - 9 scrolls of identify {unknown}
 p - 2 scrolls of teleportation {unknown}
 r - a scroll of acquirement {unknown}
 t - a scroll of poison {unknown}
 u - a scroll of fog {unknown}
 v - a scroll of noise {unknown}
 w - a scroll of vulnerability {unknown}
 x - a scroll of amnesia {unknown}
Potions
 a - a potion of cancellation {unknown}
 c - a potion of degeneration {unknown}
 d - a potion of might {unknown}
 h - 6 potions of curing
 i - a potion of berserk rage {unknown}
 j - a potion of heal wounds {unknown}
 n - a potion of attraction {unknown}
 o - 2 potions of haste {unknown}
 s - 3 potions of flight {unknown}
 B - a potion of resistance {unknown}


   Skills:
 + Level 9.3 Fighting
 + Level 6.0 Armour
 - Level 2.6 Dodging
 - Level 2.1 Stealth
 + Level 9.3 Unarmed Combat


You had 8 spell levels left.
You didn't know any spells.
Your spell library contained the following spells:

 Spells                   Type           Power      Damage    Failure   Level
 Magic Dart               Conj           0%         1d3       100%        1
 Cigotuvi's Dreadful Rot  Necr/Pois/Air  0%         N/A       100%        2
 Searing Ray              Conj           0%         2d4       100%        2
 Static Discharge         Conj/Air       0%         2-2/arc   100%        2
 Portal Projectile        Hex/Tloc       0%         N/A       100%        3
 Vhi's Electric Charge    Tloc/Air       0%         N/A       100%        3
 Dispel Undead            Necr           0%         3d6       100%        4
 Fulminant Prism          Conj/Hex       0%         3d5       100%        4
 Arcjolt                  Conj/Air       0%         1d10      100%        5
 Lightning Bolt           Conj/Air       0%         1d11      100%        5
 Yara's Violent Unravell  Hex/Tmut       0%         3d3       100%        5
 Enfeeble                 Hex            0%         N/A       100%        7
 Tukima's Dance           Hex            Unusable   N/A       N/A         3
 Blade Hands              Tmut           Unusable   N/A       N/A         5
 Death Channel            Necr           Unusable   N/A       N/A         6

Dungeon Overview and Level Annotations

Branches:
Dungeon (8/15)             Temple (1/1) D:4          Bailey (1/1)
   Lair: D:8-11

Altars:
Ashenzari
Cheibriados
Dithmenos
Fedhas
Gozag
Hepliaklqana
Kikubaaqudgha
Makhleb
Nemelex Xobeh
Okawaru
Qazlal
Ru
Sif Muna
Trog
Uskayaw
Vehumet
Wu Jian
Xom
Yredelemnul

Shops:
D:7 :

Annotations:
D:7 2 transporters, ragingrage's ghost, novice DgAr


Innate Abilities, Weirdness & Mutations

You are immune to poison.
You have sharp fingernails.
Your flesh is cold resistant. (rC+)
You are immune to negative energy. (rN+++)
You do not regenerate when monsters are visible.
You are immune to unholy pain and torment.
You thrive by killing the living.


Message History

Okawaru accepts your kill.
The orc hits you from afar with a +0 halberd.
The orc hits you but does no damage.
Things that are here:
a +0 spear; a +0 ring mail; an orc corpse The orc barely misses you.
There is a gate leading back out of this place here.
There is an empty arch of ancient stone here.
There is a gate leading back out of this place here.
It was a potion of curing.
You feel better.
You are too injured to fight recklessly!
There is an empty arch of ancient stone here.
There is a gate leading back out of this place here.
The orc barely misses you. x2
You are too injured to fight recklessly!
The orc hits you with a +0 halberd!
The orc hits you from afar with a +0 halberd.
* * * LOW HITPOINT WARNING * * *
The orc hits you from afar with a +0 halberd.
* * * LOW HITPOINT WARNING * * *
You claw the orc!
You kill the orc!
Okawaru accepts your kill.
The orc hits you from afar with a +0 halberd.
* * * LOW HITPOINT WARNING * * *
The orc hits you from afar with a +0 halberd.
* * * LOW HITPOINT WARNING * * *
The orc hits you from afar with a +0 halberd.
* * * LOW HITPOINT WARNING * * *
The orc barely misses you. x2
The orc hits you from afar with a +0 halberd!
* * * LOW HITPOINT WARNING * * *
Things that are here:
a +0 halberd; a +0 scale mail; an orc corpse You scratch the orc.
The orc is lightly wounded.
The orc closely misses you. The orc barely misses you. x2
The orc hits you but does no damage. x2
The orc hits you from afar with a +0 halberd.
You die...

#≈...≈≈≈≈≈≈≈≈≈....##
##≈..≈≈.......≈≈≈.⌠.#
##≈≈..).≈≈≈≈≈≈≈..≈≈..#
##≈≈...≈≈≈.....≈≈≈.≈≈.#
#≈≈⌠..≈≈.)≈≈≈≈≈).≈≈.≈.#
#≈≈..≈≈.≈≈≈...≈≈≈.≈.≈≈.
#≈...≈.≈≈..⌠.⌠..≈)≈≈.≈.
#≈...≈.....∩∩∩..≈.†..≈o
#≈$..≈@≈≈..⌠.⌠..≈.≈≈.≈.
#≈≈$o≈≈)≈≈≈...≈≈≈)≈.≈≈.
#≈≈⌠.o≈≈oo≈≈≈≈≈..≈≈.≈.#
##≈≈...≈≈≈.....≈≈≈.≈≈.#
##≈≈....≈≈≈≈≈≈≈..≈≈..#
##≈..≈≈.......≈≈≈.⌠.#
#≈...≈≈≈≈≈≈≈≈≈....##
#≈............#####
####+##########


You could see 4 orcs.

Vanquished Creatures
  Sigmund (D:2)
  A steam dragon (D:7)
  A sky beast (D:7)
  3 ice beasts
  5 ogres
  2 phantoms
  2 centaurs
  2 kobold brigands
  2 bullfrogs (D:7)
  A scorpion (D:5)
  4 wights (D:8)
  A killer bee (Bailey)
  8 hounds
  4 orc priests
  4 iguanas
  5 orc wizards
  12 adders
  2 white imps
  2 ufetubi (D:5)
  A worm (D:3)
  6 dart slugs
  26 orcs
  14 endoplasms
  4 giant cockroaches
  7 goblins
  11 hobgoblins
  18 kobolds
  7 quokkas
  7 ball pythons
  5 bats
  2 frilled lizards
  8 rats
178 creatures vanquished.

Vanquished Creatures (others)
  2 plants (D:3)
2 creatures vanquished.

Grand Total: 180 creatures vanquished

Notes
Turn   | Place    | Note
-------+----------+-------------------------------------------
     0 | D:1      | cforsyth the Ghoul Monk began the quest for the Orb.
     0 | D:1      | Reached XP level 1. HP: 19/19 MP: 0/0
   100 | D:1      | Reached XP level 2. HP: 26/26 MP: 1/1
   348 | D:1      | Reached XP level 3. HP: 31/33 MP: 2/2
  1045 | D:2      | Reached XP level 4. HP: 40/41 MP: 3/3
  1188 | D:2      | Found a faded altar of an unknown god.
  1456 | D:2      | Noticed Sigmund
  2112 | D:3      | Identified the +6 dagger of Dissolution {pain, Int+3 Dex+2}
  2253 | D:3      | Reached XP level 5. HP: 45/47 MP: 4/4
  2410 | D:3      | Reached skill level 5 in Fighting
  2410 | D:3      | Reached skill level 5 in Unarmed Combat
  2707 | D:4      | Found a staircase to the Ecumenical Temple.
  2742 | D:4      | Noticed a phantom
  2755 | D:4      | Killed a phantom
  2803 | D:4      | Reached XP level 6. HP: 56/56 MP: 5/5
  3455 | D:4      | Reached skill level 1 in Armour
  3567 | Temple   | Entered the Ecumenical Temple
  3751 | D:5      | Entered Level 5 of the Dungeon
  4033 | D:5      | Reached XP level 7. HP: 52/63 MP: 6/6
  4255 | D:5      | You fall into a shaft and drop 2 floors!
  4653 | D:5      | Reached XP level 8. HP: 65/71 MP: 7/7
  5378 | D:2      | Found a burning altar of Makhleb.
  5411 | D:2      | Killed Sigmund
  6099 | D:7      | Noticed ragingrage's ghost (novice DgAr)
  6103 | D:7      | Found a transporter.
  6159 | D:7      | Reached XP level 9. HP: 81/81 MP: 8/8
  6214 | D:7      | Reached skill level 5 in Armour
  6240 | D:7      | Found an iron altar of Okawaru.
  6247 | D:7      | Became a worshipper of Warmaster Okawaru
  6247 | D:7      | Reached * piety under Okawaru
  6247 | D:7      | Reached ** piety under Okawaru
  6261 | D:7      | Found a transporter.
  6268 | D:7      | Found Cept's Book Shoppe.
  7112 | D:8      | Found a flagged portal.
  7121 | Bailey   | Entered a bailey
  7205 | Bailey   | HP: 2/83 [orc/+0 halberd (10)]
  7207 | Bailey   | Slain by an orc

Illustrated notes

Levels and vault maps discovered:
D:1:      reono_arrival_mine, layout_basic, serial_glass, glass_columns_a,
          glass_columns_a, glass_columns_c, glass_columns_b, glass_columns_a,
          glass_columns_b, minmay_misc_feat_more_columns, minmay_close_crescents
D:2:      layout_basic, hellmonk_ecumenical_altar_prayer_group, basic_altar,
          nicolae_hexahallways, uniq_sigmund
D:3:      minmay_razor_zed, layout_loops_ring, serial_bayou,
          serial_bayou_shore_b, serial_bayou_lagoon_a, serial_bayou_pond_b,
          serial_bayou_shore_a, kennysheep_generic_room_6
D:4:      layout_rooms, minmay_temple_entry_offerings, st_stairs_10
D:5:      kennysheep_six_static_rooms, layout_rooms, nicolae_titane
D:6:      layout_gridville
D:7:      layout_cave_pools, nicolae_overflow_crystal_walls, serial_shops,
          nicolae_shop_trees, gammafunk_ghost_arena, minmay_checkerbox
D:8:      layout_gridville, enter_bailey_6
Temple:   kilobyte_greek_temple
Bailey:   bailey_polearm_flooded_kennysheep, bailey

Skill      XL: |  1  2  3  4  5  6  7  8  9 |
---------------+----------------------------+-----
Unarmed Combat | 4 5 6 8 9 |  9.3
Fighting       | 4 5 6 8 9 |  9.3
Armour         | 1 3 4 6 |  6.0
Dodging        | |  2.6
Stealth        | |  2.1

Action                   |  1- 3 |  4- 6 |  7- 9 || total
-------------------------+-------+-------+-------++-------
Melee: Unarmed           |   107 |   203 |   286 ||   596
       Punch             |     2 |     6 |    18 ||    26
Evoke: Wand              |       |       |     2 ||     2
  Use: Potion            |     1 |       |     1 ||     2
       Scroll            |       |       |     2 ||     2
 Stab: Sleeping          |     4 |       |       ||     4
Armor: Robe              |    13 |       |       ||    13
       Scale mail        |     6 |     8 |       ||    14
       Plate armour      |       |   121 |   209 ||   330
Dodge: Dodged            |    59 |    59 |    93 ||   211

Table legend: (Time is in decaauts)
 A = Elapsed time spent in this place.
 B = Non-inter-level travel time spent in this place.
 C = Inter-level travel time spent in this place.
 D = Time resting spent in this place.
 E = Time spent auto-exploring this place.
 F = Levels seen in this place.
 G = Mean time per level.
                   A        B        C        D        E       F      G
               +--------+--------+--------+--------+--------+-----+--------+
         Total |   7173 |   6730 |    443 |    631 |   4696 |  10 |  717.3 |
       Dungeon |   6915 |   6487 |    428 |    631 |   4546 |   8 |  864.4 |
        Temple |    175 |    160 |     15 |      0 |    150 |   1 |  175.0 |
        Bailey |     82 |     82 |      0 |      0 |      0 |   1 |   82.0 |
               +--------+--------+--------+--------+--------+-----+--------+

Top non-repeatable levels by time:
     D:3: 1714 daAuts
     D:2: 1122 daAuts
     D:5: 871 daAuts
     D:7: 837 daAuts
     D:6: 831 daAuts
     D:1: 813 daAuts
     D:4: 628 daAuts
  Temple: 175 daAuts
     D:8: 95 daAuts
  Bailey: 82 daAuts
